| TOP OF THE 1ST |
|
Orem Owlz batting - Pitching for Cleveland (APP) Indians : LHP Jim Longley
|
|
Pitching: LHP Jim Longley
|
|
|
Batting: RHB Daniel Molina
|
0-0: Swinging Strike 0-1: Called Strike 0-2: Ball 1-2: Ball 2-2: Ball 3-2: Strikes out swinging
|
|
Batting: RHB Fred Saxton
|
0-0: DOUBLE (Line Drive, 8RXD, EV 111.2 MPH)
|
|
Batting: RHB Brian Spry
|
0-0: Foul Ball, location: 2F 0-1: Foul Ball, location: 2F 0-2: Ground out 5-3 (Groundball, 56S, EV 84.4 MPH)
|
|
Batting: LHB Ramon Garduno
|
0-0: Ball Wild Pitch! Fred Saxton to third 1-0: Swinging Strike 1-1: Swinging Strike 1-2: Ball 2-2: Strikes out swinging
|
| Top of the 1st over - 0 runs, 1 hit, 0 errors, 1 left on base; Orem 0 - Cleveland (APP) 0 |
| BOTTOM OF THE 1ST |
|
Cleveland (APP) Indians batting - Pitching for Orem Owlz : RHP Hector Agudelo
|
|
Pitching: RHP Hector Agudelo
|
|
|
Batting: RHB Patrick Pinault
|
0-0: Ball 1-0: Ground out 5-3 (Groundball, 5S, EV 70.0 MPH)
|
|
Batting: LHB Mesfin Azagba
|
0-0: Fly out, F7 (Flyball, 7S, EV 85.0 MPH)
|
|
Batting: RHB Kevin Trull
|
0-0: Ball 1-0: Ball 2-0: Foul Ball, location: 2F 2-1: Ball 3-1: Called Strike 3-2: Ground out 4-3 (Groundball, 4, EV 96.9 MPH)
|
| Bottom of the 1st over - 0 runs, 0 hits, 0 errors, 0 left on base; Orem 0 - Cleveland (APP) 0 |
| TOP OF THE 2ND |
|
Orem Owlz batting - Pitching for Cleveland (APP) Indians : LHP Jim Longley
|
|
Batting: SHB David Vigo
|
0-0: Swinging Strike 0-1: Ball 1-1: Foul Ball, location: 2F 1-2: Strikes out swinging
|
|
Batting: RHB Carlos Gonzales
|
0-0: Ball 1-0: Swinging Strike 1-1: Ball 2-1: Ball 3-1: Called Strike 3-2: Base on Balls
|
|
Batting: SHB Yuya Hirata
|
0-0: Ball 1-0: Called Strike 1-1: Called Strike 1-2: Ball 2-2: Foul Ball, location: 2F 2-2: SINGLE (Groundball, 56D, EV 98.8 MPH) Carlos Gonzales to second
|
|
Batting: RHB Brendan Garoutte
|
0-0: Ball 1-0: Foul Ball, location: 2F 1-1: Called Strike 1-2: Foul Ball, location: 2F 1-2: Ball 2-2: Strikes out swinging
|
|
Batting: LHB Kevin Feldman
|
0-0: Swinging Strike Passed Ball! Carlos Gonzales to third Yuya Hirata to second 0-1: Swinging Strike 0-2: Foul Ball, location: 2F 0-2: Ball 1-2: Ball 2-2: Foul Ball, location: 2F 2-2: SINGLE (Groundball, 34D, EV 110.0 MPH) (infield hit) Carlos Gonzales scores Yuya Hirata to third
|
|
Batting: RHB Daniel Molina
|
0-0: Ball 1-0: Foul Ball, location: 2F 1-1: Called Strike 1-2: Foul Ball, location: 2F 1-2: Strikes out swinging
|
| Top of the 2nd over - 1 run, 2 hits, 0 errors, 2 left on base; Orem 1 - Cleveland (APP) 0 |
| BOTTOM OF THE 2ND |
|
Cleveland (APP) Indians batting - Pitching for Orem Owlz : RHP Hector Agudelo
|
|
Batting: RHB Andy Lewis
|
0-0: SINGLE (Line Drive, 78S, EV 98.1 MPH)
|
|
Batting: SHB Jay Rook
|
0-0: Ball 1-0: Ball 2-0: Called Strike Andy Lewis is caught stealing 2nd base 2-6 2-1: Swinging Strike 2-2: Strikes out swinging
|
|
Batting: RHB Tony Gonzales
|
0-0: Ball 1-0: Called Strike 1-1: SINGLE (Groundball, 6S, EV 64.4 MPH) (infield hit)
|
|
Batting: SHB Luis de Leon
|
0-0: Foul Ball, location: 2F 0-1: Called Strike 0-2: SINGLE (Groundball, 6D, EV 98.8 MPH) Tony Gonzales to second
|
|
Batting: RHB Xavier Bartolani
|
0-0: Ball 1-0: Ball 2-0: Foul Ball, location: 2F 2-1: Ground out U3 (Groundball, 13, EV 84.4 MPH)
|
| Bottom of the 2nd over - 0 runs, 3 hits, 0 errors, 2 left on base; Orem 1 - Cleveland (APP) 0 |
| TOP OF THE 3RD |
|
Orem Owlz batting - Pitching for Cleveland (APP) Indians : LHP Jim Longley
|
|
Batting: RHB Fred Saxton
|
0-0: Foul Ball, location: 2F 0-1: Ball 1-1: Foul Ball, location: 2F 1-2: Fly out, F8 (Flyball, 8LD, EV 101.2 MPH)
|
|
Batting: RHB Brian Spry
|
0-0: Swinging Strike 0-1: Foul Ball, location: 2F 0-2: Foul Ball, location: 2F 0-2: Ball 1-2: Ball 2-2: Foul Ball, location: 2F 2-2: Ground out 3-1 (Groundball, 34, EV 82.5 MPH)
|
|
Batting: LHB Ramon Garduno
|
0-0: Swinging Strike 0-1: Ball 1-1: Ball 2-1: Ball 3-1: Called Strike 3-2: SINGLE (Groundball, 56S, EV 66.2 MPH) (infield hit)
|
|
Batting: SHB David Vigo
|
0-0: Ball 1-0: Ball 2-0: Foul Ball, location: 2F 2-1: Foul Ball, location: 2F 2-2: Strikes out swinging
|
| Top of the 3rd over - 0 runs, 1 hit, 0 errors, 1 left on base; Orem 1 - Cleveland (APP) 0 |
| BOTTOM OF THE 3RD |
|
Cleveland (APP) Indians batting - Pitching for Orem Owlz : RHP Hector Agudelo
|
|
Batting: LHB Mario Garza
|
0-0: Swinging Strike 0-1: Foul Ball, location: 2F 0-2: Foul Ball, location: 2F 0-2: Foul Ball, location: 2F 0-2: Strikes out swinging
|
|
Batting: RHB Patrick Pinault
|
0-0: Foul Ball, location: 2F 0-1: Ground out 6-3 (Groundball, 6S, EV 67.5 MPH)
|
|
Batting: LHB Mesfin Azagba
|
0-0: Foul Ball, location: 2F 0-1: Ball 1-1: Ball 2-1: Ball 3-1: Foul Ball, location: 2F 3-2: Base on Balls
|
|
Batting: RHB Kevin Trull
|
0-0: Ground out 6-3 (Groundball, 6S, EV 87.5 MPH)
|
| Bottom of the 3rd over - 0 runs, 0 hits, 0 errors, 1 left on base; Orem 1 - Cleveland (APP) 0 |
| TOP OF THE 4TH |
|
Orem Owlz batting - Pitching for Cleveland (APP) Indians : LHP Jim Longley
|
|
Batting: RHB Carlos Gonzales
|
0-0: Called Strike 0-1: Ball 1-1: Foul Ball, location: 2F 1-2: Ball 2-2: Strikes out swinging
|
|
Batting: SHB Yuya Hirata
|
0-0: Ball 1-0: Reached on error, E5 (Groundball, 56, EV 82.5 MPH)
|
|
Batting: RHB Brendan Garoutte
|
0-0: Called Strike 0-1: Ground out 5-3 (Groundball, 56S, EV 89.4 MPH)
|
|
Batting: LHB Kevin Feldman
|
0-0: Called Strike 0-1: Ball 1-1: Ground out U3 (Groundball, 3L, EV 100.6 MPH)
|
| Top of the 4th over - 0 runs, 0 hits, 1 error, 1 left on base; Orem 1 - Cleveland (APP) 0 |
| BOTTOM OF THE 4TH |
|
Cleveland (APP) Indians batting - Pitching for Orem Owlz : RHP Hector Agudelo
|
|
Batting: RHB Andy Lewis
|
0-0: Fly out, F8 (Flyball, 78D, EV 83.1 MPH)
|
|
Batting: SHB Jay Rook
|
0-0: Ball 1-0: Swinging Strike 1-1: Ball 2-1: Foul Ball, location: 2F 2-2: Ball 3-2: Ground out U3 (Groundball, 34, EV 96.9 MPH)
|
|
Batting: RHB Tony Gonzales
|
0-0: Ball 1-0: Swinging Strike 1-1: Ball 2-1: DOUBLE (Line Drive, 89D, EV 108.1 MPH)
|
|
Batting: SHB Luis de Leon
|
0-0: Called Strike 0-1: Ball 1-1: Ball 2-1: Ball 3-1: Foul Ball, location: 2F 3-2: Foul Ball, location: 2F 3-2: Strikes out swinging
|
| Bottom of the 4th over - 0 runs, 1 hit, 0 errors, 1 left on base; Orem 1 - Cleveland (APP) 0 |
| TOP OF THE 5TH |
|
Orem Owlz batting - Pitching for Cleveland (APP) Indians : LHP Jim Longley
|
|
Batting: RHB Daniel Molina
|
0-0: Ball 1-0: Swinging Strike 1-1: Called Strike 1-2: Ball 2-2: Strikes out swinging
|
|
Batting: RHB Fred Saxton
|
0-0: Ball 1-0: Foul Ball, location: 2F 1-1: SINGLE (Line Drive, 6D, EV 103.1 MPH)
|
|
Batting: RHB Brian Spry
|
0-0: Swinging Strike 0-1: Swinging Strike 0-2: Strikes out swinging
|
|
Batting: LHB Ramon Garduno
|
0-0: Ball Fred Saxton is caught stealing 2nd base 2-6
|
| Top of the 5th over - 0 runs, 1 hit, 0 errors, 0 left on base; Orem 1 - Cleveland (APP) 0 |
| BOTTOM OF THE 5TH |
|
Cleveland (APP) Indians batting - Pitching for Orem Owlz : RHP Hector Agudelo
|
|
Batting: RHB Xavier Bartolani
|
0-0: Ball 1-0: Swinging Strike 1-1: Swinging Strike 1-2: Strikes out looking
|
|
Batting: LHB Mario Garza
|
0-0: Ball 1-0: Foul Ball, location: 2F 1-1: Foul Ball, location: 2F 1-2: Strikes out swinging
|
|
Batting: RHB Patrick Pinault
|
0-0: Called Strike 0-1: Foul Ball, location: 2F 0-2: Ball 1-2: Ball 2-2: Foul Ball, location: 2F 2-2: Ground out 5-3 (Groundball, 56, EV 78.8 MPH)
|
| Bottom of the 5th over - 0 runs, 0 hits, 0 errors, 0 left on base; Orem 1 - Cleveland (APP) 0 |
| TOP OF THE 6TH |
|
Orem Owlz batting - Pitching for Cleveland (APP) Indians : LHP Jim Longley
|
|
Batting: LHB Ramon Garduno
|
0-0: Ball 1-0: Swinging Strike 1-1: Called Strike 1-2: Strikes out looking
|
|
Pitching: LHP Jordan Jimenez
|
|
|
Batting: SHB David Vigo
|
0-0: Called Strike 0-1: Called Strike 0-2: Strikes out swinging
|
|
Batting: RHB Carlos Gonzales
|
0-0: Ground out 6-3 (Groundball, 6, EV 103.8 MPH)
|
| Top of the 6th over - 0 runs, 0 hits, 0 errors, 0 left on base; Orem 1 - Cleveland (APP) 0 |
| BOTTOM OF THE 6TH |
|
Cleveland (APP) Indians batting - Pitching for Orem Owlz : RHP Hector Agudelo
|
|
Batting: LHB Mesfin Azagba
|
0-0: Ball 1-0: Ball 2-0: Ball 3-0: Base on Balls
|
|
Batting: RHB Kevin Trull
|
0-0: Ball 1-0: Called Strike 1-1: Ball 2-1: Foul Ball, location: 2F 2-2: Ball 3-2: Base on Balls Mesfin Azagba to second
|
|
Pitching: RHP Jerry Romero
|
|
|
Batting: RHB Andy Lewis
|
0-0: Ball 1-0: 3-RUN HOME RUN (Flyball, 78XD, EV 103.1 MPH), Distance : 417 ft
|
|
Batting: SHB Jay Rook
|
0-0: Foul Ball, location: 2F 0-1: Ball 1-1: SOLO HOME RUN (Flyball, 89XD, EV 101.2 MPH), Distance : 428 ft
|
|
Batting: RHB Tony Gonzales
|
0-0: Called Strike 0-1: Ball 1-1: Ball 2-1: Ball 3-1: Base on Balls
|
|
Batting: SHB Luis de Leon
|
0-0: Called Strike 0-1: Foul Ball, location: 2F 0-2: Strikes out swinging
|
|
Batting: RHB Xavier Bartolani
|
0-0: Ball 1-0: Called Strike 1-1: Fielders Choice at 2nd, 6-4 (Groundball, 6, EV 80.0 MPH)
|
|
Batting: LHB Mario Garza
|
0-0: Foul Ball, location: 2F 0-1: Ball 1-1: Ground out 4-3 (Groundball, 34, EV 105.6 MPH)
|
| Bottom of the 6th over - 4 runs, 2 hits, 0 errors, 1 left on base; Orem 1 - Cleveland (APP) 4 |
| TOP OF THE 7TH |
|
Orem Owlz batting - Pitching for Cleveland (APP) Indians : LHP Jordan Jimenez
|
|
Batting: SHB Yuya Hirata
|
0-0: Called Strike 0-1: Foul Ball, location: 2F 0-2: Ball 1-2: Strikes out swinging, 2-3 out at first.
|
|
Batting: RHB Brendan Garoutte
|
0-0: Ball 1-0: DOUBLE (Flyball, 8LXD, EV 90.6 MPH)
|
|
Pinch Hitting: RHB Aaron Bryant
|
0-0: Foul Ball, location: 2F 0-1: Ground out 5-3 (Groundball, 5, EV 85.6 MPH)
|
|
Batting: RHB Daniel Molina
|
0-0: Called Strike 0-1: Called Strike 0-2: Foul Ball, location: 2F 0-2: Ball 1-2: Foul Ball, location: 2F 1-2: SINGLE (Line Drive, 8LS, EV 85.6 MPH) Brendan Garoutte to third
|
|
Batting: RHB Fred Saxton
|
0-0: Foul Ball, location: 2F 0-1: Ball Passed Ball! Brendan Garoutte scores Daniel Molina to second 1-1: Foul Ball, location: 2F 1-2: Strikes out swinging
|
| Top of the 7th over - 1 run, 2 hits, 0 errors, 1 left on base; Orem 2 - Cleveland (APP) 4 |
| BOTTOM OF THE 7TH |
|
Cleveland (APP) Indians batting - Pitching for Orem Owlz : RHP Jerry Romero
|
|
Now in LF: Bill Girton
|
|
|
Batting: RHB Patrick Pinault
|
0-0: Ball 1-0: Called Strike 1-1: DOUBLE (Groundball, 5L, EV 96.2 MPH)
|
|
Batting: LHB Mesfin Azagba
|
0-0: Ball 1-0: Foul Ball, location: 2F 1-1: Foul Ball, location: 2F 1-2: Strikes out swinging
|
|
Batting: RHB Kevin Trull
|
0-0: Ball 1-0: Fly out, F8 (Flyball, 89D, EV 103.8 MPH)
|
|
Batting: RHB Andy Lewis
|
0-0: Ground out U3 (Groundball, 34S, EV 86.2 MPH)
|
| Bottom of the 7th over - 0 runs, 1 hit, 0 errors, 1 left on base; Orem 2 - Cleveland (APP) 4 |
| TOP OF THE 8TH |
|
Orem Owlz batting - Pitching for Cleveland (APP) Indians : LHP Jordan Jimenez
|
|
Now at 3B: Luke Burnham
|
|
|
Batting: RHB Brian Spry
|
0-0: Called Strike 0-1: Ball 1-1: Called Strike 1-2: Ball 2-2: Strikes out looking
|
|
Pinch Hitting: RHB Ivan Barrientos
|
0-0: Ball 1-0: Ball 2-0: Foul Ball, location: 2F 2-1: Fly out, F7 (Flyball, 78S, EV 91.2 MPH)
|
|
Batting: SHB David Vigo
|
0-0: Called Strike 0-1: Swinging Strike 0-2: Strikes out swinging
|
| Top of the 8th over - 0 runs, 0 hits, 0 errors, 0 left on base; Orem 2 - Cleveland (APP) 4 |
| BOTTOM OF THE 8TH |
|
Cleveland (APP) Indians batting - Pitching for Orem Owlz : RHP Jerry Romero
|
|
Now at 1B: Arnaud Derosiers
|
|
|
Batting: SHB Jay Rook
|
0-0: Foul Ball, location: 2F 0-1: Ball 1-1: Foul Ball, location: 2F 1-2: Ball 2-2: SOLO HOME RUN (Flyball, 89XD, EV 104.4 MPH), Distance : 424 ft
|
|
Pitching: RHP Arnold Frye
|
|
|
Batting: RHB Tony Gonzales
|
0-0: Swinging Strike 0-1: Ball 1-1: Foul Ball, location: 2F 1-2: SINGLE (Groundball, 25, EV 68.1 MPH) (infield hit)
|
|
Batting: SHB Luis de Leon
|
0-0: Called Strike 0-1: Ball Wild Pitch! Tony Gonzales to second 1-1: Intentional Walk
|
|
Batting: RHB Xavier Bartolani
|
0-0: Fly out, F9 (Flyball, 9LD, EV 95.0 MPH) Runner from 2nd tags up, SAFE at 3rd, no throw by RF
|
|
Batting: LHB Mario Garza
|
0-0: Fielders Choice at 2nd, 6-4 (Groundball, 6, EV 83.8 MPH) Tony Gonzales scores
|
|
Batting: RHB Patrick Pinault
|
0-0: Ball 1-0: Ball Mario Garza steals 2nd base 2-0: Called Strike 2-1: Ball 3-1: Base on Balls
|
|
Batting: RHB Luke Burnham
|
0-0: Foul Ball, location: 2F 0-1: Fly out, F6 (Line Drive, 56D, EV 73.8 MPH)
|
| Bottom of the 8th over - 2 runs, 2 hits, 0 errors, 2 left on base; Orem 2 - Cleveland (APP) 6 |
| TOP OF THE 9TH |
|
Orem Owlz batting - Pitching for Cleveland (APP) Indians : LHP Jordan Jimenez
|
|
Pitching: RHP Conrado Cristina
|
|
|
Pinch Hitting: LHB Edgar van der Meeren
|
0-0: Called Strike 0-1: Foul Ball, location: 2F 0-2: Strikes out swinging
|
|
Batting: SHB Yuya Hirata
|
0-0: Ball 1-0: Called Strike 1-1: Fly out, F8 (Line Drive, 8LM, EV 90.0 MPH)
|
|
Batting: RHB Brendan Garoutte
|
0-0: Ball 1-0: Foul Ball, location: 2F 1-1: Ball 2-1: Fly out, F8 (Line Drive, 8RM, EV 95.0 MPH)
|
| Top of the 9th over - 0 runs, 0 hits, 0 errors, 0 left on base; Orem 2 - Cleveland (APP) 6 |
|